 Dungeon Crawl Stone Soup version bcrawl-1.28 (webtiles) character file.

Game seed: 14662594957244403757

92805 LostNumber the Ducker (level 3, -1/26 HPs)
             Began as a Fairy Fighter on Nov 26, 2020.
             Slain by Grinder (10 damage)
             ... on level 3 of the Dungeon.
             The game lasted 00:01:52 (1777 turns).

LostNumber the Ducker (Fairy Fighter)               Turns: 1777, Time: 00:01:53

Health: -1/26      AC:  5    Str: 19    XL:     3   Next: 52%
Magic:  5/5        EV: 11    Int: 11    God:
Gold:   184        SH: 14    Dex: 12    Spells: 2/2 levels left

rFire    . . .     SeeInvis .   a - +0 rapier
rCold    . . .     Gourm    .   b - +0 medium shield
rNeg     . . .     Faith    .   (armour unavailable)
rPois    .         Spirit   .   (no helmet)
rElec    .         Reflect  .   h - +0 cloak
rCorr    .         Harm     .   (no gloves)
MR       .....                  (no boots)
Stlth    ..........             (no amulet)
HPRegen  0.08/turn              (no ring)
MPRegen  0.09/turn              (no ring)

@: mighty, flying evasively
A: small, magic attunement, unstealthy, unfitting armour, able to fly, AC/SH +4
a: Stop Flying


You were on level 3 of the Dungeon.
You were not hungry.

You visited 1 branch of the dungeon, and saw 3 of its levels.

You collected 184 gold pieces.

Inventory:

Hand Weapons
 a - a +0 rapier (weapon)
Armour
 b - a +0 medium shield (worn)
 h - a +0 cloak (worn)
   (You found it on level 1 of the Dungeon)
Scrolls
 d - 3 scrolls of identify {@r1}
 f - a scroll of immolation {unknown}
 l - a scroll of remove curse {unknown}
 m - a scroll of amnesia {unknown}
Potions
 i - a potion of resistance {unknown}
 j - 3 potions of flight {unknown}
 k - 2 potions of curing {unknown}
Comestibles
 e - 6 rations {!d!d}


   Skills:
 + Level 3.0 Fighting
 * Level 2.9 Short Blades
 + Level 4.4 Dodging
 + Level 4.0 Shields


You had 2 spell levels left.
You didn't know any spells.
Your spell library was empty.

Dungeon Overview and Level Annotations

Branches:
Dungeon (3/12)

Altars:

Annotations:
D:3 Grinder


Innate Abilities, Weirdness & Mutations

Your spells do not cause hunger and MP costs are reduced by 1.
Your bright wings attract enemies. (Stealth-)
You cannot fit into any form of body armour.
Your shimmering scales are hard and can block incoming attacks. (AC +4, SH +4)
You are small and have problems with some larger weapons.
You can fly continuously.


Message History

No target in view!
No target in view!
Eating one of 6 chunks of flesh.
You eat one of the 6 chunks of flesh.
Found a ration.
e - 5 rations {!d!d} (gained 1) Some of the chunks of flesh in your inventory have rotted away.
Found a ration.
e - 6 rations {!d!d} (gained 1) Done exploring.
Done exploring.
Done exploring.
There is an escape hatch in the floor here.
You see here a +0 dagger.
There is a stone staircase leading down here.
You fly downwards.
Found 37 gold pieces.
Found a stone staircase leading down.
There is a stone staircase leading up here.
You now have 148 gold pieces (gained 23).
You now have 162 gold pieces (gained 14).
All of the chunks of flesh in your inventory have rotted away.
Found 22 gold pieces.
You now have 184 gold pieces (gained 22).
Found 102 stones.
You see here 102 stones.
Grinder comes into view.
You have encountered a dangerous foe!
Grinder shouts!
Okay, then.
Okay, then.
Okay, then.
You feel very mighty all of a sudden.
Your shield prevents you from hitting Grinder.
You block Grinder's attack.
You closely miss Grinder. You block Grinder's attack.
Grinder barely misses you.
You puncture Grinder!
Grinder blinks!
No target in view!
No target in view!
Grinder gestures at you. Pain shoots through your body!
Grinder gestures at you. Pain shoots through your body!
You puncture Grinder! You block Grinder's attack.
You puncture Grinder! Grinder gestures at you. Pain shoots through your body!
* * * LOW HITPOINT WARNING * * *
Your shield prevents you from hitting Grinder.
Grinder hits you!
You die...

#......># #....<..# #.....
.# #.......# ..... .
#......## .... . #......#
...#. #......# ...##
#......# ...# #####
#......# #5.# #..(.
###...######## #@.####.#
#.### #..........#
#.......# #.# #..#######.#
#.############.# #..#
.##.# #.......#......#
#..#
##.##.#########.#.########
#..# #..
#.#...................
#..#.#..
#.#.#######.#.########
##.#.#.###.#.#.......#.#
#.#.......#.#.#######.#


You could see Grinder.

Vanquished Creatures
  2 worms (D:2)
  A leopard gecko (D:1)
  4 ball pythons
  A giant cockroach (D:1)
  2 goblins
  4 hobgoblins
  4 jackals (D:2)
  8 bats
  A frilled lizard (D:1)
  A kobold (D:2)
  5 rats (D:1)
33 creatures vanquished.

Notes
Turn   | Place    | Note
-------+----------+-------------------------------------------
     0 | D:1      | LostNumber the Fairy Fighter began the quest for the Orb.
     0 | D:1      | Reached XP level 1. HP: 15/15 MP: 3/3
   336 | D:1      | Reached XP level 2. HP: 13/20 MP: 4/4
  1154 | D:2      | Reached XP level 3. HP: 10/25 MP: 5/5
  1763 | D:3      | Noticed Grinder
  1777 | D:3      | Slain by Grinder

Skill      XL: |  1  2  3 |
---------------+----------+-----
Shields        | 4 |  4.0
Fighting       | 3 |  3.0
Short Blades   | |  2.9
Dodging        | |  4.4

Action                   || total
-------------------------++-------
Melee: Rapier            ||   115
  Use: Potion            ||     1
  Eat: Chunk             ||     6
Armor: Skin              ||    32
Dodge: Dodged            ||    47
Block: Medium shield     ||    93
